 Dungeon Crawl Stone Soup version 0.28-a0-422-gd71735cc25 (webtiles) character file.

Game seed: 10956000207109744126

897 robertstho the Magician (level 8, -20/56 HPs)
             Began as a Djinni Fire Elementalist on Sept 8, 2021.
             Demolished by a two-headed ogre (31 damage)
             ... on level 5 of the Dungeon.
             The game lasted 00:06:06 (5642 turns).

robertstho the Magician (Djinni Fire Elementalist)  Turns: 5642, Time: 00:06:06

Health: -20/56     AC:  2    Str:  7    XL:     8   Next: 28%
Gold:   178        EV: 12    Int: 19    God:
                   SH:  0    Dex: 14

rFire   + + .      SeeInvis .   k - +6 falchion (vorpal)
rCold   x . .      Faith    .   (no shield)
rNeg    . . .      Spirit   .   a - +0 robe
rPois   ∞          Reflect  .   (no helmet)
rElec   .          Harm     .   (no cloak)
rCorr   .          Rampage  .   (no gloves)
Will    .....                   (boots unavailable)
Stlth   ++........              (no amulet)
HPRegen 0.18/turn               (no ring)
MPRegen 0.00/turn               (no ring)

@: flying
A: sickness immunity, fire resistance 2, cold vulnerability 1, float, innate
caster, hp casting, extra vitality 1
a: no special abilities


You were on level 5 of the Dungeon.
You visited 1 branch of the dungeon, and saw 5 of its levels.

You collected 178 gold pieces.

Inventory:

Hand Weapons
 g - a +0 dagger of holy wrath
 k - a +6 vorpal falchion (weapon)
Armour
 a - a +0 robe (worn)
Jewellery
 i - a ring of resist corrosion
Wands
 b - a wand of charming (6)
 l - a wand of flame (6)
Scrolls
 c - 2 scrolls of enchant weapon
 d - 3 scrolls of teleportation
 e - 2 scrolls of magic mapping
 f - a scroll of fear {unknown}
 h - 4 scrolls of identify {unknown}
 j - a scroll of blinking {unknown}
Potions
 m - a potion of resistance {unknown}
 n - a potion of mutation {unknown}
 o - 2 potions of curing
 p - a potion of might {unknown}
 q - a potion of invisibility {unknown}


   Skills:
 * Level 3.3 Fighting
 + Level 2.5 Dodging
 + Level 2.3 Stealth
 * Level 6.4 Spellcasting


You couldn't memorise any spells.
You knew the following spells:

 Your Spells              Type           Power      Damage    Failure   Level
a - Foxfire               Conj/Fire      100%       2x1d9     1%          1
b - Scorch                Fire           60%        2d8       1%          2
c - Conjure Flame         Conj/Fire      30%        6-21      2%          3
d - Inner Flame           Hex/Fire       30%        N/A       2%          3
e - Flame Wave            Conj/Fire      30%        3d7       8%          4
f - Animate Skeleton      Necr           60%        N/A       1%          1
g - Poisonous Vapours     Pois/Air       60%        N/A       1%          2
h - Mephitic Cloud        Conj/Pois/Air  30%        N/A       2%          3
Your spell library was empty.

Dungeon Overview and Level Annotations

Branches:
Dungeon (5/15)
 Temple: D:4-7

Altars:
Sif Muna
The Shining One


Innate Abilities, Weirdness & Mutations

You are immune to sickness and miasma.
You are immune to poison.
Your flesh is very heat resistant. (rF++)
You are vulnerable to cold. (rC-)
You float through the air rather than walking.
You learn spells naturally, not from books.
Your magical power is your life essence.
You have superior vitality. (+4 HP)


Message History

The two-headed ogre is severely wounded.
The two-headed ogre hits you with a +0 giant spiked club!
The two-headed ogre closely misses you.
Casting: Scorch (safe; 1% risk of failure)
Confirm with . or Enter, or press ? or * to list all spells.
You miscast Scorch.
You are very lightly contaminated with residual magic.
Nothing appears to happen.
The two-headed ogre misses you.
The two-headed ogre hits you with a +0 giant club!
Unknown command.
Casting: Scorch (safe; 1% risk of failure)
Confirm with . or Enter, or press ? or * to list all spells.
Flames lash the two-headed ogre.
The two-headed ogre is burned terribly!
The two-headed ogre is severely wounded.
The two-headed ogre is no longer more vulnerable to fire.
Unknown command.
Casting: Scorch (safe; 1% risk of failure)
Confirm with . or Enter, or press ? or * to list all spells.
Flames lash the two-headed ogre.
The two-headed ogre is almost dead.
The two-headed ogre's fire resistance burns away.
* * * LOW HITPOINT WARNING * * *
The two-headed ogre closely misses you.
The two-headed ogre hits you with a +0 giant club.
* * * LOW HITPOINT WARNING * * *
Okay, then.
Okay, then.
Okay, then.
Okay, then.
The two-headed ogre is no longer more vulnerable to fire.
Your magical contamination has completely faded away.
Casting: Scorch (safe; 1% risk of failure)
Confirm with . or Enter, or press ? or * to list all spells.
Flames lash the ogre.
The ogre is heavily wounded.
The ogre's fire resistance burns away.
* * * LOW HITPOINT WARNING * * *
The two-headed ogre hits you with a +0 giant spiked club!!
Ouch! That really hurt!
You die...

#...####..#....)#
#...#.###.......#
#...............######
#.....##.##..........# ##
#...#..##...#..#####.# ##.#
#..###....#...#..###.#
##...##....#..#..O#...#..#.#
#<..........#...#O..#...#..#
#.......##....#.@.#...#....#
........##..#...#...#...#..#
.........#....#...#...#....#
.##.....###.#...#...#...#.##
........###...#...#...#...#
.........##.#...#...#...#.#
.........###..#...#...#..##
....)....# ###..#...#..###
...#....######.#..#...##


You could see a two-headed ogre and an ogre (inflammable).

Vanquished Creatures
  Eustachio (D:4)
  Edmund (D:4)
  A water moccasin (D:5)
  An ogre (D:5)
  A water moccasin zombie (D:4)
  A bullfrog zombie (D:5)
  A centaur zombie (D:4)
  A hound (D:4)
  A centaur skeleton (D:4)
  Ijyb (D:4)
  An iguana (D:4)
  A scorpion zombie (D:4)
  Terence (D:3)
  A killer bee zombie (D:4)
  A hound zombie (D:4)
  4 gnolls (D:2)
  2 adders
  2 ufetubi
  4 adder zombies (D:4)
  2 worms (D:4)
  A dart slug (D:4)
  2 orcs (D:4)
  7 endoplasms
  5 giant cockroaches
  5 goblins
  8 hobgoblins
  5 kobolds
  4 quokkas
  4 ball pythons
  2 bats (D:2)
  3 frilled lizards (D:1)
  7 rats
82 creatures vanquished.

Vanquished Creatures (collateral kills)
  A foxfire (D:4)
1 creature vanquished.

Vanquished Creatures (others)
  336 foxfires
336 creatures vanquished.

Grand Total: 419 creatures vanquished

Notes
Turn   | Place    | Note
-------+----------+-------------------------------------------
     0 | D:1      | robertstho the Djinni Fire Elementalist began the quest for
                  | the Orb.
     0 | D:1      | Reached XP level 1. HP: 15/15 MP: 0/0
   400 | D:1      | Reached XP level 2. HP: 19/21 MP: 0/0
  1276 | D:2      | Reached XP level 3. HP: 25/26 MP: 0/0
  1276 | D:2      | Learned a level 1 spell: Animate Skeleton
  1307 | D:2      | Reached skill level 3 in Spellcasting
  1311 | D:2      | Reached skill level 1 in Fighting
  1620 | D:2      | Reached XP level 4. HP: 17/32 MP: 0/0
  3105 | D:3      | Noticed Terence
  3108 | D:3      | Killed Terence
  3109 | D:3      | Reached skill level 4 in Spellcasting
  3109 | D:3      | Reached XP level 5. HP: 22/37 MP: 0/0
  3109 | D:3      | Learned a level 2 spell: Poisonous Vapours
  3388 | D:4      | Noticed Ijyb
  3405 | D:4      | Killed Ijyb
  3583 | D:4      | Noticed Eustachio
  3588 | D:4      | Killed Eustachio
  3589 | D:4      | Reached XP level 6. HP: 26/44 MP: 0/0
  3873 | D:4      | Reached skill level 5 in Spellcasting
  4054 | D:4      | Found a glowing golden altar of the Shining One.
  4069 | D:4      | Reached XP level 7. HP: 39/49 MP: 0/0
  4069 | D:4      | Learned a level 3 spell: Mephitic Cloud
  4537 | D:4      | Noticed Edmund
  4571 | D:4      | Killed Edmund
  5281 | D:5      | Entered Level 5 of the Dungeon
  5376 | D:5      | Noticed a water moccasin
  5384 | D:5      | Killed a water moccasin
  5385 | D:5      | Reached skill level 6 in Spellcasting
  5385 | D:5      | Reached XP level 8. HP: 42/56 MP: 0/0
  5623 | D:5      | Noticed a two-headed ogre
  5642 | D:5      | Demolished by a two-headed ogre

Illustrated notes

Levels and vault maps discovered:
D:1:      pf_arrival_petrified_forest, layout_loops_ring
D:2:      layout_basic, mrwooster_statue_mirror
D:3:      layout_loops_ring, uniq_terence
D:4:      layout_loops_cross, grunt_temple_overflow_open, serial_undead,
          serial_undead_a, serial_undead_a, serial_undead_f, serial_undead_d,
          serial_undead_e, serial_undead_d, gup_sewer_entry_bowl,
          uniq_eustachio, uniq_ijyb, uniq_edmund
D:5:      layout_cave_pools, mainiacjoe_overflow_small_starburst,
          hangedman_abyss_or_decor_passed, hangedman_glass_teeth, hex_medium

Skill      XL: |  1  2  3  4  5  6  7 |
---------------+----------------------+-----
Spellcasting   | 3 4 5 6 |  6.4
Fighting       | 1 2 3 |  3.3
Stealth        | 2 |  2.3
Dodging        | |  2.5

Action                   |  1- 3 |  4- 6 |  7- 9 || total
-------------------------+-------+-------+-------++-------
Melee: Dagger            |       |     5 |       ||     5
       Falchion          |       |       |     1 ||     1
 Cast: Foxfire           |    54 |   104 |    59 ||   217
       Scorch            |     4 |    15 |    28 ||    47
  Use: Potion            |       |     2 |       ||     2
       Scroll            |       |     3 |       ||     3
 Stab: Sleeping          |       |     1 |       ||     1
Armor: Robe              |       |     3 |     3 ||     6
Dodge: Dodged            |     4 |    16 |    15 ||    35

Table legend: (Time is in decaauts)
 A = Elapsed time spent in this place.
 B = Non-inter-level travel time spent in this place.
 C = Inter-level travel time spent in this place.
 D = Time resting spent in this place.
 E = Time spent auto-exploring this place.
 F = Levels seen in this place.
 G = Mean time per level.
                   A        B        C        D        E       F      G
               +--------+--------+--------+--------+--------+-----+--------+
         Total |   5641 |   5479 |    162 |    257 |   4583 |   5 | 1128.2 |
       Dungeon |   5641 |   5479 |    162 |    257 |   4583 |   5 | 1128.2 |
               +--------+--------+--------+--------+--------+-----+--------+

Top non-repeatable levels by time:
     D:4: 1892 daAuts
     D:1: 1555 daAuts
     D:2: 918 daAuts
     D:3: 913 daAuts
     D:5: 360 daAuts
